 Dungeon Crawl Stone Soup version 0.25-a0-566-g062765be81 (webtiles) character file.

Game seed: 11638864740161471729, levelgen mode: deterministic

4108 vurker the Zephyrmancer (level 10, 0/60 HPs)
             Began as a Tengu Air Elementalist on Feb 28, 2020.
             Was a Believer of Vehumet.
             Slain by Erica
             ... wielding a +4 scimitar of flaming
              (3 damage)
             ... on level 8 of the Dungeon.
             The game lasted 00:15:55 (10938 turns).

vurker the Zephyrmancer (Tengu Air Elementalist)   Turns: 10938, Time: 00:15:56

Health: 0/60       AC:  4    Str:  9    XL:     10   Next: 26%
Magic:  19/23      EV: 15    Int: 18    God:    Vehumet [**....]
Gold:   377        SH:  0    Dex: 15    Spells: 15/25 levels left

rFire    + . .     SeeInvis .   i - +3 short sword
rCold    + . .     Gourm    .   (no shield)
rNeg     . . .     Faith    .   p - +0 robe {rF+}
rPois    .         Spirit   .   (helmet restricted)
rElec    .         Reflect  .   h - +1 cloak
rCorr    .         Harm     .   (no gloves)
MR       .....                  (boots unavailable)
Stlth    ++........             v - amulet of the acrobat
HPRegen  0.20/turn              l - ring of stealth
MPRegen  0.18/turn              u - ring of protection from cold

@: confused, flying quickly and evasively, slowed, very slow
A: beak, talons 3, able to fly
a: Stop Flying, Renounce Religion


You were on level 8 of the Dungeon.
You worshipped Vehumet.
Vehumet was pleased with you.
You were not hungry.

You visited 2 branches of the dungeon, and saw 9 of its levels.

You collected 377 gold pieces.

Inventory:

Hand Weapons
 i - a +3 short sword (weapon)
   (You took it off a wight on level 3 of the Dungeon)
Armour
 h - a +1 cloak (worn)
   (You found it on level 1 of the Dungeon)
 p - a +0 robe of fire resistance (worn)
   (You found it on level 2 of the Dungeon)
Jewellery
 l - a ring of stealth (left hand)
   (You found it on level 2 of the Dungeon)
 u - a ring of protection from cold (right hand)
   (You found it on level 8 of the Dungeon)
 v - an amulet of the acrobat (around neck)
   (You found it on level 4 of the Dungeon)
Wands
 q - a wand of clouds (2)
   (You found it on level 3 of the Dungeon)
 r - a wand of enslavement (10)
   (You found it on level 7 of the Dungeon)
 t - a wand of flame (34)
   (You found it on level 4 of the Dungeon)
 y - a wand of polymorph (5)
   (You found it on level 4 of the Dungeon)
Scrolls
 a - a scroll of fog
 j - 2 scrolls of enchant armour
 n - a scroll of identify
 o - 5 scrolls of remove curse
 s - 2 scrolls of teleportation
 w - a scroll of fear
Potions
 c - 2 potions of heal wounds
 d - 3 potions of curing
 f - 6 potions of brilliance
 g - a potion of invisibility
 k - 3 potions of lignification
 x - a potion of mutation
Comestibles
 e - 10 rations
 m - a chunk of flesh


   Skills:
 + Level 5.8 Fighting
 - Level 2.1 Dodging
 - Level 2.0 Stealth
 * Level 8.1 Spellcasting
 + Level 7.7 Conjurations
 * Level 11.5 Air Magic


You had 15 spell levels left.
You knew the following spells:

 Your Spells              Type           Power        Failure   Level  Hunger
a - Shock                 Conj/Air       ####         1%          1    None
b - Lightning Bolt        Conj/Air       #####.....   5%          5    #####..
c - Airstrike             Air            #####.....   1%          4    ###....

Your spell library contained the following spells:

 Spells                   Type           Power        Failure   Level  Hunger
 Magic Dart               Conj           ####         1%          1    None
 Swiftness                Chrm/Air       ####....     1%          2    None
 Static Discharge         Conj/Air       #####...     1%          3    #......
 Stone Arrow              Conj/Erth      ###...       6%          3    #......
 Sandblast                Erth           #.....       10%         1    None
 Passwall                 Tmut/Erth      #.......     14%         2    None
 Petrify                  Tmut/Erth      #.......     67%         4    ###....
 Lee's Rapid Deconstruct  Erth           #.........   95%         5    #####..


Dungeon Overview and Level Annotations

Branches:
Dungeon (8/15)             Temple (1/1) D:4
   Lair: D:8-11

Altars:
Cheibriados
Dithmenos
Elyvilon
Hepliaklqana
Kikubaaqudgha
Makhleb
Okawaru
Qazlal
Ru
Trog
Uskayaw
Vehumet
Wu Jian
Xom
Yredelemnul
Zin
The Shining One

Shops:
D:5 :

Annotations:
D:8 Erica


Innate Abilities, Weirdness & Mutations

You have a beak for a mouth.
You have claws for feet.
You can fly continuously.


Message History

Something tries to affect you, but you resist.
You hear some strange, mumbled words.
A bolt of poison appears from out of thin air!
The bolt of poison misses you.
You feel yourself slow down.
You are confused.
You feel better.
Okay, then.
Something completely misses you.
You hear some strange, mumbled words.
A bolt of poison appears from out of thin air!
The bolt of poison misses you. Something closely misses you.
You can't see any susceptible monsters within range! (Use Z to cast anyway.)
You miss something. Something barely misses you.
The zap hits something. x2; Something barely misses you.
The zap hits something.
You hear some strange, mumbled words.
A lance of force appears from out of thin air!
The lance of force hits you!
You are knocked back by the lance of force.
The zap hits something.
Something hits you!
The zap hits something.
Erica appears from thin air!
Reactivating autopickup.
Erica hits you with a +4 scimitar of flaming!
* * * LOW HITPOINT WARNING * * *
Erica burns you.
* * * LOW HITPOINT WARNING * * *
Unknown command.
Unknown command.
Aim: Erica, wielding a +4 scimitar of flaming and wearing a +0 robe (lightly wounded, unusually resistant)
The air twists around and strikes Erica!
Erica hits you with a +4 scimitar of flaming!
* * * LOW HITPOINT WARNING * * *
Erica burns you.
* * * LOW HITPOINT WARNING * * *
You feel much better. Erica barely misses you.
Erica hits you with a +4 scimitar of flaming!
* * * LOW HITPOINT WARNING * * *
Erica burns you.
* * * LOW HITPOINT WARNING * * *
Okay, then.
Okay, then.
You are confused.
You feel invigorated.
Erica hits you with a +4 scimitar of flaming!
* * * LOW HITPOINT WARNING * * *
Erica burns you.
You die...

.......................##
.#.#...............#...
##+###.#####.....#.#.#...
#......# ###.###.#.#... ##.
#......# #....#.#.####
.....###......#
#....#.#.....
...........##.#
#....#.######
##.######..##.#######.###.#
# .........##.#@@.....# #.#
##
.#######.####.............
... #.##....######.###.#.##
.#######.##....# .# #
...............# .
######..#.##... ..
##.###.....#.##.## ## .
#............##.# ##
##.###.####..##


You could see Erica.

Vanquished Creatures
  Pikel (D:6)
  A hippogriff (D:4)
  2 hungry ghosts (D:7)
  2 water moccasins (D:4)
  An orc warrior (D:6)
  2 sky beasts (D:5)
  2 phantoms
  4 slaves (D:6)
  A black bear (D:7)
  An ice beast (D:4)
  5 ogres
  A centaur (D:6)
  2 big kobolds (D:7)
  A gnoll sergeant (D:5)
  2 bullfrogs (D:7)
  A scorpion (D:5)
  5 wights (D:3)
  5 howler monkeys
  3 crimson imps
  4 jellies
  An orc priest (D:4)
  3 hounds
  2 iguanas
  Natasha (thrice) (D:4)
  3 orc wizards
  7 worker ants
  Terence (D:2)
  A hound zombie (D:6)
  A hound skeleton (D:4)
  2 worker ant zombies
  9 gnolls
  6 adders
  2 shadow imps
  An adder zombie (D:6)
  2 worms
  4 leopard geckos
  18 orcs
  9 bats
  5 giant cockroaches
  11 hobgoblins
  14 jackals
  4 quokkas
  A ball python (D:3)
  5 frilled lizards
  6 goblins
  18 kobolds
  A quokka skeleton (D:4)
  13 rats
  A plant (D:1)
200 creatures vanquished.

Notes
Turn   | Place    | Note
-------+----------+-------------------------------------------
     0 | D:1      | vurker the Tengu Air Elementalist began the quest for the
                  | Orb.
     0 | D:1      | Reached XP level 1. HP: 10/10 MP: 4/4
   311 | D:1      | Reached XP level 2. HP: 12/15 MP: 1/6
   795 | D:1      | Reached XP level 3. HP: 17/20 MP: 1/7
  1292 | D:1      | Reached skill level 1 in Fighting
  2052 | D:2      | Reached XP level 4. HP: 25/25 MP: 4/9
  2189 | D:2      | Noticed Terence
  2237 | D:2      | Reached skill level 5 in Air Magic
  2383 | D:2      | Killed Terence
  2459 | D:2      | Found an ancient bone altar of Kikubaaqudgha.
  2895 | D:3      | Gained mutation: You can fly continuously. [Tengu growth]
  2895 | D:3      | Reached XP level 5. HP: 27/29 MP: 10/10
  3183 | D:3      | Reached skill level 6 in Air Magic
  3183 | D:3      | Reached XP level 6. HP: 35/35 MP: 7/12
  3760 | D:4      | Learned a level 5 spell: Lightning Bolt
  3765 | D:4      | Learned a level 4 spell: Airstrike
  3952 | D:4      | Reached XP level 7. HP: 40/40 MP: 0/14
  3981 | D:4      | Reached skill level 7 in Air Magic
  4461 | D:4      | Noticed Natasha
  4463 | D:4      | Killed Natasha
  4492 | D:4      | Reached skill level 5 in Spellcasting
  4492 | D:4      | Reached XP level 8. HP: 24/46 MP: 0/16
  4812 | D:4      | Found a staircase to the Ecumenical Temple.
  4823 | Temple   | Entered the Ecumenical Temple
  4835 | Temple   | Became a worshipper of Vehumet
  5004 | D:4      | Reached skill level 5 in Conjurations
  5004 | D:4      | Reached skill level 8 in Air Magic
  5196 | D:4      | Noticed Natasha
  5198 | D:4      | Killed Natasha
  5504 | D:4      | Noticed Natasha
  5505 | D:4      | Killed Natasha
  5870 | D:4      | Noticed a hippogriff
  5875 | D:4      | Killed a hippogriff
  5875 | D:4      | Reached skill level 9 in Air Magic
  6074 | D:5      | Entered Level 5 of the Dungeon
  6304 | D:5      | Reached XP level 9. HP: 52/52 MP: 15/19
  6506 | D:5      | Found Orian's Book Emporium.
  6926 | D:5      | Reached * piety under Vehumet
  6926 | D:5      | Offered knowledge of Foxfire by Vehumet.
  7351 | D:5      | Found a bloodstained altar of Trog.
  7354 | D:5      | Found a shimmering altar of Xom.
  7354 | D:5      | Found a white marble altar of Elyvilon.
  7845 | D:6      | Reached skill level 10 in Air Magic
  8315 | D:6      | Noticed Pikel
  8330 | D:6      | Killed Pikel
  8330 | D:6      | Reached skill level 5 in Fighting
  8801 | D:6      | Found a burning altar of Makhleb.
  9489 | D:7      | Reached XP level 10. HP: 59/59 MP: 13/22
  9496 | D:7      | Reached skill level 11 in Air Magic
  9879 | D:7      | Reached ** piety under Vehumet
  9884 | D:7      | Offered knowledge of Magic Dart by Vehumet.
 10242 | D:7      | Found a stormy altar of Qazlal.
 10895 | D:8      | Noticed Erica
 10936 | D:8      | HP: 3/60 [Erica/+4 scimitar of flaming (16)]
 10936 | D:8      | HP: 1/60 [Erica/+4 scimitar of flaming (2)]
 10938 | D:8      | Slain by Erica

Levels and vault maps discovered:
D:1:      dpeg_arrival_lava_temple_mockup, layout_basic, lexackson_kobold_supper
D:2:      layout_basic, nicolae_overflow_hidden_temple,
          minmay_stone_trees_medium, uniq_terence
D:3:      layout_rooms, minivault_11
D:4:      minmay_thinvault, layout_loops_ring, minmay_temple_entry_proselytizer,
          first_ration, uniq_natasha
D:5:      layout_loops_ring, grunt_temple_overflow_diamond, serial_shops,
          nicolae_shop_crystal
D:6:      layout_loops_corners, kennysheep_mini_moat, uniq_pikel
D:7:      layout_loops_ring, lemuel_crystal_altar
D:8:      layout_basic, nicolae_gozag_zags_fifth_avenue, uniq_erica
Temple:   cyrus_circular_temple

Skill      XL: |  1  2  3  4  5  6  7  8  9 10 |
---------------+-------------------------------+-----
Conjurations   | 2 3 4 5 7 |  7.7
Fighting       | 1 2 3 4 5 |  5.8
Air Magic      | 5 6 7 9 10 11 | 11.5
Spellcasting   | 3 4 5 6 7 8 |  8.1
Dodging        | |  2.1
Stealth        | |  2.0

Action                   |  1- 3 |  4- 6 |  7- 9 | 10-12 || total
-------------------------+-------+-------+-------+-------++-------
Melee: Unarmed           |    21 |       |       |       ||    21
       Kick              |    16 |     6 |     1 |     2 ||    25
       Peck              |    10 |     1 |       |       ||    11
       Short sword       |    39 |    13 |    22 |     7 ||    81
 Cast: Shock             |    77 |   108 |    81 |    25 ||   291
       Airstrike         |       |     2 |    94 |    38 ||   134
       Lightning Bolt    |       |       |     4 |       ||     4
 Abil: Fly               |       |       |     1 |       ||     1
Evoke: Wand              |       |       |     1 |       ||     1
  Use: Potion            |       |       |     4 |     4 ||     8
       Scroll            |       |       |    11 |     3 ||    14
 Stab: Sleeping          |       |     1 |       |       ||     1
  Eat: Chunk             |     5 |     5 |    25 |     8 ||    43
       Ration            |       |       |     2 |       ||     2
Armor: Robe              |    12 |     6 |     4 |       ||    22
       Skin              |       |       |    13 |       ||    13
Dodge: Dodged            |    38 |    19 |    30 |    23 ||   110

Table legend:
 A = Non-vault XP
 B = Vault XP
 C = Vault XP percentage of total XP
 D = Non-vault monster count
 E = Vault monster count
 F = Vault count percentage of total count
                 A         B        C        D         E       F
            +---------+---------+-------+---------+---------+-------
      Total |    4555 |    1314 |  22.4 |     173 |      22 |  11.3
            +---------+---------+-------+---------+---------+-------
        D:1 |      46 |      15 |  24.6 |      28 |       8 |  22.2
        D:2 |      48 |      32 |  40.0 |      17 |       1 |   5.6
        D:3 |     379 |       0 |   0.0 |      28 |       0 |   0.0
        D:4 |    1039 |     638 |  38.0 |      22 |      12 |  35.3
        D:5 |     926 |       0 |   0.0 |      28 |       0 |   0.0
        D:6 |     687 |     629 |  47.8 |      15 |       1 |   6.2
        D:7 |    1263 |       0 |   0.0 |      31 |       0 |   0.0
        D:8 |     167 |       0 |   0.0 |       4 |       0 |   0.0
            +---------+---------+-------+---------+---------+-------
